 Dungeon Crawl Stone Soup version 0.26-a0-1107-g6118521029 (webtiles) character file.

Game seed: 9382958773217433348

19 robertstho the Vandal (level 2, -7/19 HPs)
             Began as a Halfling Hunter on Dec 16, 2020.
             Mangled by a worm (10 damage)
             ... on level 2 of the Dungeon.
             The game lasted 00:00:49 (745 turns).

robertstho the Vandal (Halfling Hunter)              Turns: 745, Time: 00:00:50

Health: -7/19      AC:  3    Str: 13    XL:     2   Next: 95%
Magic:  2/2        EV: 14    Int:  9    God:
Gold:   25         SH:  0    Dex: 14    Spells: 1/1 levels left

rFire    . . .     SeeInvis .   a - +1 hunting sling
rCold    . . .     Faith    .   (shield restricted)
rNeg     . . .     Spirit   .   c - +0 leather armour
rPois    .         Reflect  .   (no helmet)
rElec    .         Harm     .   (no cloak)
rCorr    .         Rampage  .   (no gloves)
Will     .....                  (no boots)
Stlth    +.........             (no amulet)
HPRegen  0.06/turn              (no ring)
MPRegen  0.08/turn              (no ring)

@: no status effects
A: small, mutation resistance 1
a: no special abilities


You were on level 2 of the Dungeon.
You visited 1 branch of the dungeon, and saw 2 of its levels.

You collected 25 gold pieces.

Inventory:

Hand Weapons
 a - a +1 hunting sling (weapon)
 b - a +0 short sword
Missiles
 e - 36 stones (quivered ammo)
Armour
 c - a +0 leather armour (worn)
Jewellery
 j - an uncursed ring of fire {unknown}
Scrolls
 f - a scroll of random uselessness {unknown}
 g - a scroll of identify {unknown}
 i - a scroll of noise {unknown}
 k - 2 scrolls of teleportation {unknown}
 m - a scroll of blinking {unknown}
Potions
 h - 2 potions of berserk rage {unknown}
 l - 2 potions of degeneration {unknown}
 n - a potion of brilliance {unknown}


   Skills:
 * Level 1.8 Fighting
 * Level 6.9 Slings
 + Level 2.2 Dodging
 + Level 1.1 Stealth


You had one spell level left.
You didn't know any spells.
Your spell library was empty.

Dungeon Overview and Level Annotations

Branches:
Dungeon (2/15)

Altars:


Innate Abilities, Weirdness & Mutations

You are small and have problems with some larger weapons.
You are somewhat resistant to further mutation.


Message History

Press: ? - help, Q - select action Shift-Dir - straight line, f/p - worm
Aim: a worm (almost dead)
You shoot a stone. The stone hits the worm.
The worm is almost dead.
The worm bites you.
* * * LOW HITPOINT WARNING * * *
Fire: 38 stones
Press: ? - help, Q - select action Shift-Dir - straight line, f/p - worm
Aim: a worm (almost dead)
You shoot a stone.
The stone hits the worm but does no damage.
The worm is almost dead.
Fire: 37 stones
Press: ? - help, Q - select action Shift-Dir - straight line, f/p - worm
Aim: a worm (almost dead)
You shoot a stone. The stone hits the worm.
The worm is almost dead.
The worm bites you!
Ouch! That really hurt!
You die...

####### .( ......#
..(. ..... ...
.....######(. #..
(....(# ##.# #...(.#
#.
######.<####..w..##.[.
..........##.@......#
..........##......###
...........<..........
............†....#...#
..........##.....# ..#
###....#####.....# ..
#.... ####### #....
###.#


You could see a worm.

Vanquished Creatures
  2 dart slugs (D:1)
  A giant cockroach (D:2)
  4 goblins (D:1)
  A hobgoblin (D:2)
  2 bats (D:1)
  3 kobolds
  3 rats
16 creatures vanquished.

Notes
Turn   | Place    | Note
-------+----------+-------------------------------------------
     0 | D:1      | robertstho the Halfling Hunter began the quest for the Orb.
     0 | D:1      | Reached XP level 1. HP: 14/14 MP: 1/1
    94 | D:1      | Reached skill level 6 in Slings
   127 | D:1      | Reached XP level 2. HP: 14/19 MP: 2/2
   745 | D:2      | Mangled by a worm

Illustrated notes

Levels and vault maps discovered:
D:1:      lordsloth_arrival_two_stooges, layout_loops_ring,
          minmay_curled_crystal
D:2:      layout_rooms, uniq_natasha

Skill      XL: |  1 |
---------------+----+-----
Slings         | 6 |  6.9
Fighting       | |  1.8
Dodging        | |  2.2
Stealth        | |  1.1

Action                   || total
-------------------------++-------
 Fire: Hunting sling     ||    49
Armor: Leather armour    ||     1
Dodge: Dodged            ||     4

Table legend: (Time is in decaauts)
 A = Elapsed time spent in this place.
 B = Non-inter-level travel time spent in this place.
 C = Inter-level travel time spent in this place.
 D = Time resting spent in this place.
 E = Time spent auto-exploring this place.
 F = Levels seen in this place.
 G = Mean time per level.
                   A        B        C        D        E       F      G
               +--------+--------+--------+--------+--------+-----+--------+
         Total |    739 |    732 |      7 |      0 |    641 |   2 |  369.5 |
       Dungeon |    739 |    732 |      7 |      0 |    641 |   2 |  369.5 |
               +--------+--------+--------+--------+--------+-----+--------+

Top non-repeatable levels by time:
     D:1: 703 daAuts
     D:2: 36 daAuts
